 Seeded DCSS version 0.29.1-15-g9cfb28693d (webtiles) character file.

Game seed: 8515177902725472229 (custom seed)

110 bmack86 the Shield-Bearer (level 4, 18/41 HPs)
             Began as a Minotaur Fighter on Apr 24, 2023.
             Quit the game on level 2 of the Dungeon.
             The game lasted 00:04:36 (1388 turns).

bmack86 the Shield-Bearer (Minotaur Fighter)        Turns: 1388, Time: 00:04:37

Health: 18/41      AC:  9    Str: 22    XL:     4   Next: 61%
Magic:  3/3        EV:  9    Int:  5    God:
Gold:   1872       SH:  4    Dex: 10    Spells: 3/3 levels left

rFire   . . .      SeeInvis .   a - +0 war axe
rCold   . . .      Faith    .   c - +0 buckler
rNeg    . . .      Spirit   .   b - +0 scale mail
rPois   .          Reflect  .   (helmet restricted)
rElec   .          Harm     .   (no cloak)
rCorr   .          Rampage  .   u - +1 pair of gloves "Zeozedot" {Stlth+}
Will    .....                   (no boots)
Stlth   +.........              q - amulet of the acrobat
HPRegen 0.13/turn               (no ring)
MPRegen 0.08/turn               (no ring)

@: mighty
A: horns 2, retaliatory headbutt
a: no special abilities


You were on level 2 of the Dungeon.
You visited 1 branch of the dungeon, and saw 2 of its levels.

You collected 2097 gold pieces.
You spent 225 gold pieces at shops.

Inventory:

Hand Weapons
 a - a +0 war axe (weapon)
Missiles
 o - 3 poisoned darts (quivered)
 s - 2 throwing nets
Armour
 b - a +0 scale mail (worn)
 c - a +0 buckler (worn)
 u - the +1 pair of gloves "Zeozedot" (worn) {Stlth+}
   (You acquired it on level 2 of the Dungeon)

   Stlth:     It makes you more stealthy.
Jewellery
 q - an amulet of the acrobat (around neck)
Scrolls
 f - 2 scrolls of identify {unknown}
 j - 3 scrolls of blinking {unknown}
 l - a scroll of noise {unknown}
 m - a scroll of vulnerability {unknown}
 p - a scroll of teleportation {unknown}
 r - 4 scrolls of enchant weapon
 t - a scroll of acquirement
Potions
 d - a potion of might
 e - 3 potions of curing {unknown}
 g - a potion of attraction {unknown}
 h - a potion of flight {unknown}
 i - a potion of heal wounds
 k - a potion of mutation {unknown}
 n - 2 potions of haste {unknown}


   Skills:
 + Level 4.3 Fighting
 * Level 4.2 Axes
 + Level 4.3 Armour
 + Level 4.3 Shields


You had 3 spell levels left.
You didn't know any spells.
Your spell library contained the following spells:

 Spells                   Type           Power      Damage    Failure   Level
 Slow                     Hex            0%         N/A       87%         1
 Confusing Touch          Hex            0%         N/A       99%         3
 Vampiric Draining        Necr           0%         2d6       99%         3
 Passage of Golubria      Tloc           0%         N/A       100%        4
 Silence                  Hex/Air        0%         N/A       100%        5
 Lehudib's Crystal Spear  Conj/Erth      0%         10d2      100%        8


Dungeon Overview and Level Annotations

Branches:
Dungeon (2/15)

Altars:
Xom

Shops:
D:2 *


Innate Abilities, Weirdness & Mutations

You have a pair of horns on your head.
You reflexively headbutt those who attack you in melee.


Message History

The gnoll hits you from afar with a +0 spear.
* * * LOW HITPOINT WARNING * * *
You struggle against the net.
The gnoll hits you but does no damage.
You struggle against the net.
The gnoll hits you from afar with a +0 spear.
* * * LOW HITPOINT WARNING * * *
You rip the net and break free!
The gnoll hits you from afar with a +0 spear!
* * * LOW HITPOINT WARNING * * *
The gnoll misses you. The gnoll hits you but does no damage.
Things that are here:
a +0 whip; a gnoll corpse You slash the gnoll!
The gnoll is almost dead.
You block the gnoll's attack. The gnoll barely misses you.
Sorry, you're not good enough to have a special ability.
It was a potion of heal wounds.
You feel much better. The gnoll hits you but does no damage.
The gnoll hits you from afar with a +0 spear.
You barely miss the gnoll. You headbutt the gnoll.
You kill the gnoll!
The gnoll barely misses you. The gnoll hits you but does no damage.
Things that are here:
a +0 spear; a throwing net; a gnoll corpse You slice the gnoll!!
You kill the gnoll!
s - 2 throwing nets You see here a +0 spear.
Unknown command.
Found a quarterstaff.
t - 3 scrolls of acquirement Something appears at your feet!
Okay, then.
You start putting on your armour.
You continue putting on the +1 pair of gloves "Zeozedot" {Stlth+}. x4
You finish putting on the +1 pair of gloves "Zeozedot" {Stlth+}.
Something appears at your feet!
You now have 1872 gold pieces (gained 1278).
Are you sure you want to abandon this character and quit the game? (Confirm with "yes".)

##.###.###.##
#######.#######
......#....#
#.#######
#...##.#####
#........ .###.#.#
######### .# #...#
.###.#######
....)......#
....######)########
##..# #..))).@.# #
#..# ########.# .#
#># ##..# .# ###.#
#.. ....# )# #...#
##. ###. .# #<# .#
#.# .# .# #.######.
.# .# #)....... ##.
#..######


There were no monsters in sight!

Vanquished Creatures
  A jelly (D:2)
  4 gnolls (D:2)
  2 dart slugs (D:1)
  A ball python (D:2)
  5 bats
  An endoplasm (D:1)
  2 giant cockroaches (D:1)
  4 goblins
  4 hobgoblins
  5 jackals (D:2)
  4 frilled lizards
  A kobold (D:1)
  3 rats
37 creatures vanquished.

Notes
Turn   | Place    | Note
-------+----------+-------------------------------------------
     0 | D:1      | bmack86 the Minotaur Fighter began the quest for the Orb.
     0 | D:1      | Reached XP level 1. HP: 19/19 MP: 0/0
    37 | D:1      | Identified a scroll of acquirement
    37 | D:1      | Acquired 745 gold pieces
   249 | D:1      | Reached XP level 2. HP: 27/27 MP: 1/1
  1044 | D:2      | Reached XP level 3. HP: 32/33 MP: 2/2
  1120 | D:2      | Found a shimmering altar of Xom.
  1160 | D:2      | Found Vuamm's General Store.
  1169 | D:2      | Bought 3 scrolls of enchant weapon for 225 gold pieces
  1220 | D:2      | Reached XP level 4. HP: 36/40 MP: 3/3
  1368 | D:2      | HP: 1/40 [gnoll/+0 spear (7)]
  1380 | D:2      | Acquired the +1 pair of gloves "Zeozedot" {Stlth+}
  1386 | D:2      | Acquired 1278 gold pieces
  1388 | D:2      | Quit the game

Illustrated notes

Levels and vault maps discovered:
D:1:      sevenhm_arrival_forest_fort_large_4, layout_basic,
          nrook_loot_triangle, minmay_lizard_pond
D:2:      layout_loops_ring, basic_altar, serial_shops,
          nicolae_shop_temple_entry_statues_fountains

Skill      XL: |  1  2  3  4 |
---------------+-------------+-----
Axes           | 3 4 |  4.2
Fighting       | 4 |  4.3
Armour         | 4 |  4.3
Shields        | 4 |  4.3

Action                   |  1- 3 |  4- 6 || total
-------------------------+-------+-------++-------
Melee: War axe           |    51 |    10 ||    61
       Headbutt          |     8 |     1 ||     9
  Use: Scroll            |     1 |     2 ||     3
       Potion            |       |     2 ||     2
Armor: Scale mail        |    23 |     7 ||    30
Dodge: Dodged            |    36 |    10 ||    46
Block: Buckler           |    15 |     3 ||    18
